 Dungeon Crawl Stone Soup version 0.17.1-2-g5865329 (webtiles) character file.

232 DarthKuruptios the Skirmisher (level 5, -3/48 HPs)
             Began as a Minotaur Berserker on Jan 14, 2016.
             Was a Believer of Trog.
             Killed from afar by an orc wizard (5 damage)
             ... with a puff of flame
             ... on level 3 of the Dungeon.
             The game lasted 00:09:59 (1895 turns).

DarthKuruptios the Skirmisher (Minotaur Berserker)  Turns: 1895, Time: 00:10:06

Health: -3/48      AC:  3    Str: 22    XL:     5   Next: 73%
Magic:  4/4        EV: 13    Int:  4    God:    Trog [**....]
Gold:   99         SH:  0    Dex: 10    Spells: 0 memorised, 4 levels left

rFire  . . .     SeeInvis .     o - +0 scythe
rCold  . . .     Clarity  .     b - +0 animal skin
rNeg   . . .     SustAt   .     (shield currently unavailable)
rPois  .         Gourm    .     (helmet restricted)
rElec  .         Spirit   .     p - +0 cloak
rCorr  .         Warding  .     (no gloves)
rMut   .         Stasis   .     (no boots)
MR     .....                    (no amulet)
Stlth  +.........               (no ring)
                                (no ring)

@: confused, lethally poisoned (-3 -> -6), not resistant to hostile
enchantments, very unstealthy
A: retaliatory headbutt, horns 2
a: Berserk, Trog's Hand, Burn Spellbooks, Renounce Religion


You were on level 3 of the Dungeon.
You worshipped Trog.
Trog was pleased with you.
You were hungry.

You visited 1 branch of the dungeon, and saw 3 of its levels.

You collected 99 gold pieces.

Inventory:

Hand Weapons
 a - a +0 falchion
 o - a +0 scythe (weapon)
Armour
 b - a +0 animal skin (worn)
 p - a +0 cloak (worn)
Wands
 m - a wand of slowing (22)
Scrolls
 d - a scroll of immolation {unknown}
 g - 4 scrolls of identify {unknown}
 h - a scroll of teleportation {unknown}
 j - 2 scrolls of remove curse {unknown}
Potions
 e - a potion of haste
 i - a potion of curing
 l - a potion of degeneration {unknown}
 n - a potion of beneficial mutation {unknown}
Comestibles
 c - 2 bread rations
 k - a slice of pizza


   Skills:
 + Level 5.0 Fighting
 + Level 5.0 Long Blades
 + Level 2.9 Armour
 + Level 4.1 Dodging
 + Level 1.2 Stealth


You had 4 spell levels left.
You didn't know any spells.

Dungeon Overview and Level Annotations

Branches:
Dungeon (3/15)

Altars:


Innate Abilities, Weirdness & Mutations

You reflexively headbutt those who attack you in melee.
You have a pair of horns on your head.


Message History

You hear some strange, mumbled words.
You are confused.
The orc shouts!
You bump into the rock wall.
* * * LOW HITPOINT WARNING * * *
You feel sick. Something hits you but does no damage.
You barely miss something.
* * * LOW HITPOINT WARNING * * *
You feel sick. Something barely misses you.
The orc throws a tomahawk.
The tomahawk misses you.
You hear some strange, mumbled words.
Something tries to affect you, but you resist.
You closely miss something.
* * * LOW HITPOINT WARNING * * *
You feel sick.
The orc throws a tomahawk.
The tomahawk hits you but does no damage.
You hear some strange, mumbled words.
A puff of flame appears from out of thin air!
The puff of flame hits you!
You die...

#...........#..
#.#...##.[...#
.....##.....#
#..........
#........#
#...##.#.#
#..>oo..#
#o..<##{##.#
..o## #@##.# #
#.##.# ####.#
#.# #######.#
#.......#
#.###.### #.#
#.# #.###<#


You could see 2 orcs.

Vanquished Creatures
  Sigmund (D:2)
  Robin (D:2)
  2 adders (D:2)
  2 orcs (D:3)
  2 giant cockroaches (D:2)
  14 goblins
  7 hobgoblins
  4 bats
  3 giant newts
  6 kobolds
  4 rats
46 creatures vanquished.

Notes
Turn   | Place    | Note
--------------------------------------------------------------
     0 | D:1      | DarthKuruptios the Minotaur Berserker began the quest for the Orb.
     0 | D:1      | Reached XP level 1. HP: 19/19 MP: 0/0
   206 | D:1      | Reached XP level 2. HP: 18/27 MP: 1/1
   381 | D:1      | Reached skill level 4 in Long Blades
  1138 | D:2      | Reached XP level 3. HP: 25/33 MP: 2/2
  1402 | D:2      | Reached ** piety under Trog
  1605 | D:2      | Noticed Robin
  1607 | D:2      | Noticed Sigmund
  1621 | D:2      | Killed Sigmund
  1621 | D:2      | Reached skill level 5 in Fighting
  1621 | D:2      | Reached skill level 5 in Long Blades
  1621 | D:2      | Reached skill level 1 in Stealth
  1621 | D:2      | Reached XP level 4. HP: 17/42 MP: 3/3
  1621 | D:2      | Reached XP level 5. HP: 19/48 MP: 4/4
  1643 | D:2      | Killed Robin
  1895 | D:3      | HP: 2/48 [poisoned by an orc]
  1895 | D:3      | Killed from afar by an orc wizard

Action                   |  1- 3 |  4- 6 || total
-------------------------+-------+-------++-------
Melee: Falchion          |    75 |    15 ||    90
       Scythe            |       |    11 ||    11
Invok: Berserk           |     1 |       ||     1
       Trog's Hand       |       |     1 ||     1
  Use: Potion            |       |     3 ||     3
 Stab: Sleeping          |     2 |       ||     2
  Eat: Chunk             |     2 |     2 ||     4
